 Dungeon Crawl Stone Soup version 0.25-a0-404-gc1b5a34 (webtiles) character file.

Game seed: 7670395919728705565, levelgen mode: deterministic

109 BloodyOldMate the Shield-Bearer (level 4, -7/40 HPs)
             Began as a Hill Orc Fighter on Jan 12, 2020.
             Was an Initiate of Yredelemnul.
             Mangled by a phantom (9 damage)
             ... on level 3 of the Dungeon.
             The game lasted 00:19:26 (2039 turns).

BloodyOldMate the Shield-Bearer (Hill Orc Fighter)  Turns: 2039, Time: 00:19:26

Health: -7/40      AC:  4    Str: 19      XL:     4   Next: 89%
Magic:  4/4        EV:  9    Int:  8      God:    Yredelemnul [......]
Gold:   140        SH:  9    Dex:  9 (10) Spells: 3/3 levels left

rFire    . . .     SeeInvis .   a - +1 war axe
rCold    . . .     Gourm    .   c - +0 shield
rNeg     + . .     Faith    .   r - +1 leather armour
rPois    .         Spirit   .   (no helmet)
rElec    .         Reflect  .   (no cloak)
rCorr    .         Harm     .   (no gloves)
MR       .....                  (no boots)
Stlth    +.........             (no amulet)
HPRegen  0.13/turn              d - ring of positive energy
MPRegen  0.09/turn              (no ring)

@: flying
A: no striking features
a: Renounce Religion


You were on level 3 of the Dungeon.
You worshipped Yredelemnul.
Yredelemnul was noncommittal.
You were hungry.

You visited 1 branch of the dungeon, and saw 3 of its levels.

You collected 140 gold pieces.

Inventory:

Hand Weapons
 a - a +1 war axe (weapon)
 e - a +0 hunting sling
 g - a +0 mace
 u - a +0 scimitar
Missiles
 i - 56 arrows
Armour
 b - a +0 scale mail
 c - a +0 shield (worn)
 j - a +1 scale mail of cold resistance
 n - a +0 chain mail
 p - a +0 chain mail
 r - a +1 leather armour (worn)
Jewellery
 d - a ring of positive energy (left hand)
Scrolls
 l - a scroll of identify
Potions
 k - a potion of degeneration
 m - a potion of resistance
 o - a potion of curing
Comestibles
 f - 4 rations


   Skills:
 + Level 4.2 Fighting
 + Level 4.1 Axes
 + Level 3.8 Armour
 + Level 0.5 Dodging
 + Level 4.3 Shields


You had 3 spell levels left.
You didn't know any spells.
Your spell library was empty.

Dungeon Overview and Level Annotations

Branches:
Dungeon (3/15)

Altars:
Yredelemnul


Message History

The phantom blinks!
You hit the phantom but do no damage.
The phantom is lightly damaged.
You hit the orc. You block the phantom's attack. The phantom barely misses you.
You barely miss the phantom.
The phantom is lightly damaged.
You hit the orc but do no damage. The orc hits you but does no damage.
You block the orc's attack. The phantom hits you.
* * * LOW HITPOINT WARNING * * *
The orc barely misses you. You block the orc's attack.
You hit the phantom.
The phantom is lightly damaged.
You hit the orc but do no damage.
The phantom blinks!
You block the orc's attack. x2
You closely miss the phantom.
The phantom is lightly damaged.
You hit the orc but do no damage. You block the phantom's attack.
The orc completely misses you. The orc barely misses you. The phantom hits you!
You die...
Your body rises from the dead as a mindless zombie.

#.#.....# #.##.## #.#.....#
#.##... #######.#...>.###>...##
#.............#........
####.#####.##.####.#......
#####..W.................#..##
#....W##.#####.##.####.###..#
###.P.PK##.####o#.#.# #......##
#...._...#..Ko.@W.#.# #####...#
##†#.P.P..#######..#.# #...#
#..#......# #..#.# #...#
#.###.....# #..#<# #...# #.#
#######*****#..#.# #...#
#K####*,,,,,,,,,.....########...#
.....#*,,,,,,,,*....###..........
#o##.#*,,,,,,,,,.................
#.#*,#*,,,,,,,,*.##.**#..........


You could see a phantom, 2 orcs and a kobold.

Vanquished Creatures
  3 adders
  An ooze (D:2)
  A worm (D:3)
  2 dart slugs
  3 leopard geckos
  4 orcs (D:3)
  6 ball pythons
  6 giant cockroaches
  7 goblins
  4 hobgoblins
  A quokka (D:2)
  6 bats
  8 frilled lizards
  8 kobolds
  7 rats
67 creatures vanquished.

Notes
Turn   | Place    | Note
-------+----------+-------------------------------------------
     0 | D:1      | BloodyOldMate the Hill Orc Fighter began the quest for the
                  | Orb.
     0 | D:1      | Reached XP level 1. HP: 19/19 MP: 1/1
   167 | D:1      | Reached XP level 2. HP: 25/27 MP: 2/2
   584 | D:2      | Reached XP level 3. HP: 33/33 MP: 3/3
   967 | D:2      | Reached XP level 4. HP: 38/40 MP: 4/4
  1951 | D:3      | Found a basalt altar of Yredelemnul.
  1971 | D:3      | Became a worshipper of Yredelemnul the Dark
  1989 | D:3      | Noticed a phantom
  2037 | D:3      | HP: 2/40 [phantom (3)]
  2039 | D:3      | Mangled by a phantom

Levels and vault maps discovered:
D:1:      dpeg_chamrin_arrival_tetris, layout_rooms
D:2:      layout_rooms
D:3:      layout_loops_cross, yredelemnul_altar_generic, first_ration

Skill      XL: |  1  2  3  4 |
---------------+-------------+-----
Axes           | 3 4 |  4.1
Fighting       | 4 |  4.2
Shields        | 4 |  4.3
Armour         | |  3.8
Dodging        | |  0.5

Action                   |  1- 3 |  4- 6 || total
-------------------------+-------+-------++-------
Melee: War axe           |   109 |   101 ||   210
  Use: Potion            |     4 |     3 ||     7
       Scroll            |     5 |     7 ||    12
  Eat: Ration            |       |     1 ||     1
Armor: Scale mail        |    51 |     6 ||    57
       Leather armour    |       |    24 ||    24
Dodge: Dodged            |    35 |    53 ||    88
Block: Shield            |    51 |    80 ||   131

Table legend:
 A = Non-vault XP
 B = Vault XP
 C = Vault XP percentage of total XP
 D = Non-vault monster count
 E = Vault monster count
 F = Vault count percentage of total count
                 A         B        C        D         E       F
            +---------+---------+-------+---------+---------+-------
      Total |     156 |       0 |   0.0 |      67 |       0 |   0.0
            +---------+---------+-------+---------+---------+-------
        D:1 |      30 |       0 |   0.0 |      17 |       0 |   0.0
        D:2 |      55 |       0 |   0.0 |      25 |       0 |   0.0
        D:3 |      71 |       0 |   0.0 |      25 |       0 |   0.0
            +---------+---------+-------+---------+---------+-------
